[Event "Titled Tuesday Blitz May 31 Late 2022"]
[White "Baches Garcia, Guillermo"]
[Black "Rosen, Eric"]
[WhiteFideId "2209764"]
[BlackFideId "2032562"]
[WhiteElo "2514"]
[BlackElo "2362"]
[Result "0-1"]
[Round "08"]
[TimeControl "180+1"]
[Date "2022.05.31"]
[WhiteClock "0:00:07"]
[BlackClock "0:00:28"]

1. c4 e5 2. Nc3 Nf6 3. Nf3 e4 4. Ng5 c6 5. Ngxe4 Nxe4 6. Nxe4 d5 7. cxd5 cxd5 8. Nc3 d4 9. Nb1 Nc6 10. d3 Bd6 11. g3 h5 12. Bg2 h4 13. Nd2 Be6 14. Ne4 Bb4+ 15. Bd2 Be7 16. Rc1 Bd5 17. Bf3 hxg3 18. fxg3 f5 19. Nf2 Bxf3 20. exf3 Qd5 21. O-O Ne5 22. Kg2 Nxf3 23. Qa4+ b5 24. Qb3 Ne1+ 0-1


[Site "https://www.chess.com"]

[Event "Titled Tuesday Blitz May 31 Late 2022"]
[White "Beulen, Marcel"]
[Black "Meunier-Pion, Jean"]
[WhiteFideId "1001450"]
[BlackFideId "20685327"]
[WhiteElo "2352"]
[BlackElo "2124"]
[Result "1-0"]
[Round "08"]
[TimeControl "180+1"]
[Date "2022.06.01"]
[WhiteClock "0:00:07"]
[BlackClock "0:00:12"]

1. e4 c5 2. Nf3 d6 3. Bc4 Nc6 4. O-O Nf6 5. Re1 e6 6. Bf1 Be7 7. c3 O-O 8. d3 a6 9. a4 d5 10. Nbd2 dxe4 11. dxe4 Rb8 12. Qc2 b5 13. axb5 axb5 14. e5 Nd5 15. Ne4 Qc7 16. Bg5 Nxe5 17. Nxe5 Qxe5 18. Nf6+ Bxf6 19. Rxe5 Bxe5 20. Re1 Bc7 21. c4 bxc4 22. Bxc4 Nb4 23. Qe2 Bb6 24. h4 Bb7 25. h5 h6 26. Bd2 Nd5 27. b3 Rbd8 28. Bc1 Ba5 29. Rf1 Bc3 30. Qg4 Bd4 31. Bxh6 Kh8 32. Bg5 Ra8 33. h6 g6 34. Bxd5 Bxd5 35. Qf4 Kh7 36. Bf6 Ra7 37. Bxd4 f5 38. Bxc5 Raf7 39. Bxf8 Rxf8 40. Qd6 Rf7 41. b4 Kxh6 42. b5 Rb7 43. b6 Kg5 44. Rc1 Rh7 45. Rc7 Rh5 46. Qe7+ Kf4 47. b7 Rg5 48. Qxg5+ Kxg5 49. b8=Q e5 50. Rd7 Be6 51. Re7 Bd5 52. Rxe5 Be4 53. Rxe4 fxe4 54. Qe8 Kf5 55. Kf1 g5 56. Ke2 Kf4 57. g3+ Kf5 58. Ke3 Kg4 59. Kxe4 Kh3 60. Kf5 g4 61. Kf4 Kg2 62. Kxg4 Kf1 63. Qb5+ Kg1 64. Qb3 Kg2 65. f4 Kf2 66. Qa3 Ke2 67. f5 Kf2 68. f6 Kg2 69. f7 Kg1 70. f8=Q Kh2 71. Qa2+ Kh1 72. Qf1# 1-0


[Site "https://www.chess.com"]

[Event "Titled Tuesday Blitz May 31 Late 2022"]
[White "Bluebaum, Matthias"]
[Black "Fedoseev, Vladimir"]
[WhiteFideId "24651516"]
[BlackFideId "24130737"]
[WhiteElo "2556"]
[BlackElo "2726"]
[Result "1-0"]
[Round "08"]
[TimeControl "180+1"]
[Date "2022.05.31"]
[WhiteClock "0:00:05"]
[BlackClock "0:00:01"]

1. d4 Nf6 2. c4 e6 3. Nc3 Bb4 4. e3 O-O 5. Bd2 d6 6. Bd3 c5 7. dxc5 Bxc5 8. Nf3 Nbd7 9. a3 a6 10. Qc2 Qe7 11. O-O Ba7 12. Nd4 Ne5 13. Be2 Bd7 14. Ne4 Rac8 15. Bb4 Bc5 16. Bxc5 dxc5 17. Nf3 Ng6 18. Nxf6+ Qxf6 19. Rad1 Bc6 20. Rd2 e5 21. Rdd1 e4 22. Nd2 Rce8 23. b4 Nh4 24. Rfe1 Qg6 25. Bf1 Re5 26. g3 Rh5 27. Be2 Rh6 28. b5 Bd7 29. Qxe4 Bf5 30. Qxb7 axb5 31. cxb5 Qg5 32. Nf3 Nxf3+ 33. Bxf3 Be6 34. b6 Qf5 35. Bg2 Qh5 36. h4 g5 37. Bf3 Qg6 38. h5 Qf6 39. Qc6 g4 40. Bg2 Qg5 41. b7 Qxh5 42. Rc1 Qh2+ 43. Kf1 Bc4+ 44. Rxc4 Rxc6 45. Bxc6 Qh6 46. Rxg4+ Kh8 47. Bg2 Qa6+ 48. Kg1 Qd3 49. Rf4 Kg7 50. a4 Rb8 51. a5 Qc3 52. Rd1 Qxa5 53. Rd7 Qa2 54. Bd5 Qb1+ 55. Kg2 Kh6 56. Rfxf7 Qg6 57. Rfe7 Qf5 58. Be4 Qf8 59. Rxh7+ Kg5 60. f4+ Kf6 61. g4 Ke6 62. Kf3 1-0


[Site "https://www.chess.com"]

[Event "Titled Tuesday Blitz May 31 Late 2022"]
[White "Bortnyk, Olexandr"]
[Black "Matlakov, Maxim"]
[WhiteFideId "14120828"]
[BlackFideId "4168003"]
[WhiteElo "2723"]
[BlackElo "2669"]
[Result "1-0"]
[Round "08"]
[TimeControl "180+1"]
[Date "2022.05.31"]
[WhiteClock "0:00:03"]
[BlackClock "0:00:02"]

1. d4 d5 2. Nc3 Nf6 3. Bf4 e6 4. Nb5 Na6 5. e3 Be7 6. Nf3 O-O 7. Ne5 c6 8. Nc3 Qb6 9. Rb1 c5 10. Be2 Nb4 11. Na4 Qa5 12. c3 Na6 13. Nxc5 Nxc5 14. b4 Qa3 15. bxc5 Qxc3+ 16. Kf1 Ne4 17. Rc1 Qa3 18. Qc2 f6 19. Nd3 Bd7 20. f3 Ng5 21. Qb3 Qxb3 22. axb3 Nf7 23. Kf2 Bb5 24. g4 Nd8 25. Bd6 Nc6 26. Bxe7 Nxe7 27. Nf4 Bxe2 28. Kxe2 Kf7 29. Kd2 Nc6 30. Kc3 g5 31. Nd3 h5 32. gxh5 Rh8 33. h4 Rag8 34. hxg5 Rxg5 35. Nf4 e5 36. dxe5 Rxe5 37. Kd2 Rf5 38. h6 d4 39. h7 Ne5 40. Rh3 dxe3+ 41. Kxe3 Nd7 42. b4 Nf8 43. Rch1 Re5+ 44. Kd4 Rf5 45. Nd3 Ne6+ 46. Kc4 Ng5 47. Rh5 Rxf3 48. Rxg5 Rxd3 49. Rg8 1-0


[Site "https://www.chess.com"]

[Event "Titled Tuesday Blitz May 31 Late 2022"]
[White "Chen, Justin"]
[Black "Kosteniuk, Alexandra"]
[WhiteFideId "2098199"]
[BlackFideId "4128125"]
[WhiteElo "2462"]
[BlackElo "2469"]
[Result "1/2-1/2"]
[Round "08"]
[TimeControl "180+1"]
[Date "2022.06.01"]
[WhiteClock "0:00:04"]
[BlackClock "0:00:28"]

1. Nf3 Nf6 2. b3 b6 3. Bb2 Bb7 4. g3 c5 5. Bg2 Nc6 6. O-O e6 7. d4 d5 8. Nbd2 Be7 9. c4 O-O 10. Rc1 dxc4 11. Nxc4 Nxd4 12. Nxd4 Bxg2 13. Kxg2 cxd4 14. Qxd4 Qxd4 15. Bxd4 Rfd8 16. Rfd1 Rac8 17. Bxf6 gxf6 18. Rxd8+ Rxd8 19. Rc2 h5 20. h4 Kg7 21. Rd2 Rxd2 22. Nxd2 f5 23. Kf3 Kf6 24. e3 b5 25. Ke2 Ke5 26. Kd3 Kd5 27. Nf3 e5 28. Ne1 Bc5 29. f4 f6 30. Nc2 a5 31. Ne1 Bd6 32. Nc2 Kc5 33. Kc3 Bc7 34. Kd3 Bb6 35. Kc3 a4 36. Kd3 axb3 37. axb3 Ba5 38. Ke2 Bc3 39. Kd3 b4 40. Ke2 Kd6 41. Kf2 Ke6 42. Ke2 Kd5 43. Kd3 Kc5 44. Ke2 Kc6 45. Kf2 exf4 46. gxf4 Kd5 47. Kf3 Bd2 48. Nd4 Be1 49. Nxf5 Ke6 50. Ng3 f5 51. Nxh5 Bxh4 52. Ng3 Bf6 53. Ne2 Kd5 54. Nc1 Bc3 55. Nd3 Bd2 56. Nf2 Bc3 57. Nh1 Be1 58. Ke2 Bh4 59. Kd3 Be1 60. Ke2 Bh4 61. Kf3 Be1 62. Ng3 Bxg3 63. Kxg3 Ke4 64. Kf2 Kd3 65. Kf3 Kc3 66. e4 fxe4+ 67. Ke3 Kxb3 68. f5 Kc3 69. f6 b3 70. f7 b2 71. f8=Q b1=Q 72. Qc5+ Kb2 73. Qd4+ Kb3 74. Qb6+ Kc2 75. Qc5+ Kb2 76. Qb4+ Ka2 77. Qa4+ Kb2 78. Qb4+ Ka2 79. Qa4+ Kb2 80. Qd4+ Ka2 81. Qc4+ Qb3+ 82. Qxb3+ Kxb3 83. Kxe4 1/2-1/2


[Site "https://www.chess.com"]

[Event "Titled Tuesday Blitz May 31 Late 2022"]
[White "Chigaev, Maksim"]
[Black "Koellner, Ruben Gideon"]
[WhiteFideId "4108116"]
[BlackFideId "12993093"]
[WhiteElo "2457"]
[BlackElo "2593"]
[Result "1-0"]
[Round "08"]
[TimeControl "180+1"]
[Date "2022.05.31"]
[WhiteClock "0:01:23"]
[BlackClock "0:00:03"]

1. d4 d6 2. e4 Nf6 3. Nc3 e5 4. Nf3 Nbd7 5. Rg1 c6 6. g4 h6 7. h4 exd4 8. Nxd4 Ne5 9. g5 hxg5 10. Bxg5 Qb6 11. Nb3 Nfg4 12. Rg2 f6 13. Bf4 Rxh4 14. Qe2 Nh6 15. Bxe5 dxe5 16. O-O-O Be6 17. Qf3 Rf4 18. Qh5+ Bf7 19. Qh3 Rd8 20. Bd3 Rxf2 21. Rgg1 Rf4 22. Kb1 a5 23. a4 Bxb3 24. cxb3 Qxb3 25. Bc2 Qf7 26. Ne2 Rf2 27. Bb3 Qe7 28. Qh5+ g6 29. Qxg6+ Nf7 30. Bxf7+ Qxf7 31. Rxd8+ Kxd8 32. Qxf7 Rxe2 33. Rg8 1-0


[Site "https://www.chess.com"]

[Event "Titled Tuesday Blitz May 31 Late 2022"]
[White "D`Arruda, Ricardo D."]
[Black "Karttunen, Mika"]
[WhiteFideId "100692"]
[BlackFideId "502081"]
[WhiteElo "2450"]
[BlackElo "2343"]
[Result "0-1"]
[Round "08"]
[TimeControl "180+1"]
[Date "2022.06.01"]
[WhiteClock "0:00:11"]
[BlackClock "0:00:08"]

1. Nf3 Nf6 2. d4 d5 3. Nc3 c5 4. e3 Nc6 5. Bd3 Bg4 6. dxc5 e5 7. e4 d4 8. Ne2 Bxf3 9. gxf3 Bxc5 10. Ng3 g6 11. f4 h5 12. fxe5 Nxe5 13. Bg5 Be7 14. Bb5+ Nc6 15. O-O Ng4 16. Bxe7 Kxe7 17. h3 Nf6 18. Bxc6 bxc6 19. e5 Nd5 20. Qxd4 h4 21. Ne4 Rh5 22. f4 Qb6 23. Qxb6 axb6 24. Rf3 Rf5 25. Raf1 Ra4 26. Nd6 Rh5 27. a3 Rd4 28. c4 Nc7 29. Nc8+ Ke6 30. Nxb6 Kf5 31. b4 Ne6 32. Nc8 Nc7 33. Ne7+ Ke6 34. Nxc6 Rxc4 35. Nd8+ Ke7 36. Nb7 Ne6 37. Nd6 Rc2 38. b5 Rh8 39. b6 Rb2 40. b7 Nc5 41. Rc1 Rb5 42. Rxc5 Rxc5 43. Rb3 Rb8 44. Nc8+ Kd7 45. Nd6 Kc7 46. Nxf7 Rxb7 47. Rxb7+ Kxb7 48. Nh8 Rc3 49. Nxg6 Rg3+ 50. Kf2 Rxg6 51. Kf3 Rg3+ 52. Ke4 Rxh3 53. e6 Kc7 54. f5 Rh1 55. Kf3 Kd6 56. Kg4 Rf1 57. a4 Ke7 58. a5 Kf6 59. a6 Ra1 0-1


[Site "https://www.chess.com"]

[Event "Titled Tuesday Blitz May 31 Late 2022"]
[White "Diaz Rosas, Julio Cesar"]
[Black "Vasquez Schroeder, Rodrigo"]
[WhiteFideId "5105099"]
[BlackFideId "3400042"]
[WhiteElo "2278"]
[BlackElo "2567"]
[Result "1-0"]
[Round "08"]
[TimeControl "180+1"]
[Date "2022.05.31"]
[WhiteClock "0:00:09"]
[BlackClock "0:00:08"]

1. d4 Nf6 2. Nc3 d6 3. e4 Nbd7 4. Nf3 e5 5. Rg1 exd4 6. Nxd4 Nc5 7. Qe2 g6 8. Bg5 h6 9. Bh4 g5 10. Bg3 Bg7 11. O-O-O O-O 12. h4 g4 13. e5 Re8 14. Qc4 Nh5 15. exd6 cxd6 16. Bd3 Nxg3 17. fxg3 a6 18. Nf5 Nxd3+ 19. Qxd3 Bxc3 20. bxc3 Bxf5 21. Qxf5 Qc8 22. Rgf1 Qe6 23. Rd4 Rac8 24. Rxg4+ Kf8 25. Qh7 Qxa2 26. Rg8+ Ke7 27. Re1+ Kd7 28. Qf5+ Re6 29. Qxf7+ Kc6 30. Qxe6 1-0


[Site "https://www.chess.com"]

[Event "Titled Tuesday Blitz May 31 Late 2022"]
[White "Djokic, Mihailo"]
[Black "Keller, Peter"]
[WhiteFideId "976440"]
[BlackFideId "1272105"]
[WhiteElo "2202"]
[BlackElo "2275"]
[Result "0-1"]
[Round "08"]
[TimeControl "180+1"]
[Date "2022.06.01"]
[WhiteClock "0:00:47"]
[BlackClock "0:00:05"]

1. e4 e5 2. Nf3 Nc6 3. Nc3 Nf6 4. Bb5 Bb4 5. O-O O-O 6. d3 d6 7. Bg5 Ne7 8. Nh4 c6 9. Bc4 Ng6 10. Nxg6 hxg6 11. f4 Bc5+ 12. Kh1 Be3 13. Ne2 a5 14. a4 Qb6 15. Bxf6 gxf6 16. f5 Kg7 17. Ng3 Rh8 18. Qg4 Rh6 19. Bb3 Bd7 20. Qf3 Rxh2+ 21. Kxh2 Rh8+ 22. Nh5+ Rxh5+ 23. Kg3 Bf4+ 24. Kg4 gxf5+ 25. Kxh5 Qd8 26. exf5 Qh8+ 27. Kg4 Bxf5+ 28. Kxf5 Qc8+ 29. Be6 Qxe6+ 30. Ke4 d5# 0-1


[Site "https://www.chess.com"]

[Event "Titled Tuesday Blitz May 31 Late 2022"]
[White "Donchenko, Alexander"]
[Black "Hansen, Eric"]
[WhiteFideId "24603295"]
[BlackFideId "2606771"]
[WhiteElo "2572"]
[BlackElo "2568"]
[Result "0-1"]
[Round "08"]
[TimeControl "180+1"]
[Date "2022.05.31"]
[WhiteClock "0:00:50"]
[BlackClock "0:00:35"]

1. d4 Nf6 2. c4 e6 3. Nf3 d5 4. Nc3 Be7 5. Bg5 h6 6. Bh4 O-O 7. e3 Ne4 8. Bxe7 Qxe7 9. Rc1 Nxc3 10. Rxc3 c6 11. Bd3 dxc4 12. Bxc4 b6 13. O-O Bb7 14. Bd3 Nd7 15. Be4 Rac8 16. Qc2 Nf6 17. Bxc6 Nd5 18. Bxb7 Qxb7 19. Rxc8 Rxc8 20. Qd2 Qa6 21. a3 Qc4 22. e4 Nf6 23. Re1 Qb3 24. e5 Rc2 25. Qe3 Qxe3 26. fxe3 Ne4 27. b4 Ra2 28. Kf1 g5 29. g4 Rf2+ 30. Kg1 Rxf3 31. Re2 h5 32. gxh5 Kh7 33. Kg2 g4 34. b5 Kh6 35. a4 Kxh5 36. Rc2 Rxe3 37. Rc7 Kg6 38. Rxa7 Re2+ 39. Kg1 Ng5 40. a5 bxa5 41. b6 Nf3+ 42. Kf1 Rb2 0-1


[Site "https://www.chess.com"]

[Event "Titled Tuesday Blitz May 31 Late 2022"]
[White "Dubov, Daniil"]
[Black "Livaic, Leon"]
[WhiteFideId "24126055"]
[BlackFideId "14531534"]
[WhiteElo "2791"]
[BlackElo "2540"]
[Result "0-1"]
[Round "08"]
[TimeControl "180+1"]
[Date "2022.05.31"]
[WhiteClock "0:00:25"]
[BlackClock "0:00:34"]

1. d4 d5 2. Nf3 e6 3. c4 Nf6 4. g3 Be7 5. Bg2 O-O 6. O-O c6 7. Nc3 a5 8. Re1 b6 9. e4 dxc4 10. a4 Nbd7 11. Bf4 Ba6 12. Qc2 b5 13. axb5 cxb5 14. e5 Nd5 15. Nxd5 exd5 16. Nd2 Bb7 17. Nf1 b4 18. h4 b3 19. Qe2 Nb6 20. Ne3 Bc8 21. h5 a4 22. g4 Bg5 23. Bg3 c3 24. f4 cxb2 25. Qxb2 Bh4 26. Kh2 Bxg3+ 27. Kxg3 Qe7 28. h6 g6 29. Bxd5 Bb7 30. Bxb7 Qxb7 0-1


[Site "https://www.chess.com"]

[Event "Titled Tuesday Blitz May 31 Late 2022"]
[White "Estrada Nieto, Julian"]
[Black "Silva, Miguel Antonio Neto"]
[WhiteFideId "5101018"]
[BlackFideId "1911929"]
[WhiteElo "2252"]
[BlackElo "2204"]
[Result "0-1"]
[Round "08"]
[TimeControl "180+1"]
[Date "2022.06.01"]
[WhiteClock "0:00:01"]
[BlackClock "0:00:23"]

1. e4 c5 2. Nf3 d6 3. Bb5+ Nd7 4. d4 cxd4 5. Qxd4 a6 6. Bxd7+ Bxd7 7. Nc3 Nf6 8. Bg5 e6 9. O-O-O Be7 10. Rhe1 Qc7 11. Kb1 Bc6 12. Nd5 Bxd5 13. exd5 e5 14. Qd3 h6 15. Bxf6 Bxf6 16. Nd2 Be7 17. Ne4 f5 18. Ng3 g6 19. f4 Bf6 20. fxe5 Bxe5 21. Ne2 O-O 22. Nd4 Qb6 23. c3 Bxd4 24. Qxd4 Qxd4 25. Rxd4 Rae8 26. Re6 Rxe6 27. dxe6 Rd8 28. e7 Re8 29. Rxd6 Kf7 30. Kc2 Rxe7 31. Kd2 h5 32. Rb6 Rd7+ 33. Ke3 Re7+ 34. Kf3 Kg7 35. h4 Rd7 36. g3 Kh6 37. Ke3 Re7+ 38. Kf3 Kg7 39. c4 Kf7 40. c5 Rc7 41. b4 a5 42. a3 axb4 43. axb4 Rd7 44. Kf4 Kg7 45. Kg5 Re7 46. Rxg6+ Kf7 47. Rf6+ Ke8 48. Rxf5 Re3 49. Kf4 Rb3 50. Rxh5 Rxb4+ 51. Kg5 Rc4 52. Kg6 Kd7 53. g4 Kc7 54. Rf5 Rxg4+ 55. Kh5 Rd4 56. Rg5 Kc6 57. Rf5 b5 58. Rg5 b4 59. Rg7 b3 60. Rg6+ Kxc5 61. Kg5 Kb4 62. h5 Kc3 63. Rb6 Rd5+ 0-1


[Site "https://www.chess.com"]

[Event "Titled Tuesday Blitz May 31 Late 2022"]
[White "Eynullayev, Atilla"]
[Black "Paravyan, David"]
[WhiteFideId "13413570"]
[BlackFideId "4194985"]
[WhiteElo "1936"]
[BlackElo "2569"]
[Result "0-1"]
[Round "08"]
[TimeControl "180+1"]
[Date "2022.05.31"]
[WhiteClock "0:00:14"]
[BlackClock "0:02:16"]

1. e4 e5 2. Nf3 Nc6 3. Bb5 f5 4. Nc3 fxe4 5. Nxe4 Nf6 6. Nxf6+ Qxf6 7. Qe2 Be7 8. Bxc6 dxc6 9. Nxe5 O-O 10. O-O Bf5 11. d4 Rae8 12. c3 c5 13. Be3 Bd6 14. Qb5 Bxe5 15. dxe5 Rxe5 16. Qxb7 Be4 17. Qxc7 Bxg2 18. Kxg2 Qf3+ 19. Kg1 Re6 20. Qg3 Rg6 21. Rae1 Rff6 22. Bxc5 h5 23. Re3 Qd5 24. Re8+ Kh7 25. Re5 Qxe5 0-1


[Site "https://www.chess.com"]

[Event "Titled Tuesday Blitz May 31 Late 2022"]
[White "Ezat, Mohamed"]
[Black "Blackman, Justin"]
[WhiteFideId "10600906"]
[BlackFideId "11100516"]
[WhiteElo "2386"]
[BlackElo "2112"]
[Result "0-1"]
[Round "08"]
[TimeControl "180+1"]
[Date "2022.06.01"]
[WhiteClock "0:00:04"]
[BlackClock "0:00:12"]

1. e4 e5 2. Nf3 Nc6 3. Bb5 Nge7 4. O-O g6 5. d4 exd4 6. c3 d3 7. Bg5 Bg7 8. Qxd3 h6 9. Bh4 O-O 10. Bxc6 bxc6 11. e5 d5 12. exd6 cxd6 13. Re1 Re8 14. Nbd2 Bf5 15. Qc4 g5 16. Bg3 d5 17. Qc5 f6 18. Nb3 Qd7 19. Nbd4 Be4 20. Nd2 Bg6 21. Ne6 Nf5 22. Nxg7 Kxg7 23. Nf3 Nxg3 24. hxg3 Rab8 25. Nd4 Rxb2 26. Rxe8 Qxe8 27. Qxa7+ Bf7 28. Qc5 Qe4 29. a4 h5 30. a5 h4 31. gxh4 gxh4 32. Qd6 c5 33. Nf3 Qe2 34. Rf1 d4 35. Nxh4 Bc4 36. Qg3+ Kf7 37. Ra1 d3 38. Nf5 d2 39. Ne3 Qe1+ 40. Kh2 Qxa1 41. Qc7+ Kg6 42. f4 d1=Q 43. f5+ Kh6 44. Ng4+ Kg5 45. Qg7+ Kf4 46. Qh6+ Kxg4 47. Qg6+ Kf4 48. Qg3+ Kxf5 49. Qh3+ Qg4 50. Qh7+ Qg6 51. Qd7+ Kg5 52. Qd2+ Kh5 53. Qd1+ Qxd1 0-1


[Site "https://www.chess.com"]

[Event "Titled Tuesday Blitz May 31 Late 2022"]
[White "Fishbein, Alexander"]
[Black "Bringas Gomez, Artai"]
[WhiteFideId "2000377"]
[BlackFideId "24534064"]
[WhiteElo "2442"]
[BlackElo "1952"]
[Result "1-0"]
[Round "08"]
[TimeControl "180+1"]
[Date "2022.06.01"]
[WhiteClock "0:00:43"]
[BlackClock "0:00:04"]

1. e4 c5 2. Nf3 d6 3. d4 cxd4 4. Nxd4 Nf6 5. Nc3 g6 6. Be2 Bg7 7. O-O O-O 8. Nb3 Nc6 9. Bg5 a6 10. a4 Rb8 11. f4 b5 12. axb5 axb5 13. Bf3 b4 14. Nd5 Nxd5 15. exd5 Na7 16. Qe2 Rb7 17. Qe3 Nb5 18. Kh1 Bxb2 19. Ra8 f6 20. Bh6 Re8 21. Na5 Qd7 22. Nxb7 Qxb7 23. Ra5 Nd4 24. Be4 Bf5 25. Bxf5 Nxf5 26. Qe6+ Kh8 27. Qf7 Rg8 28. Bf8 Qb6 29. Ra8 Qf2 30. Bg7+ Nxg7 31. Qxg8# 1-0


[Site "https://www.chess.com"]

[Event "Titled Tuesday Blitz May 31 Late 2022"]
[White "Golubev, Mikhail"]
[Black "Papasimakopoulos, Alexandros"]
[WhiteFideId "14100983"]
[BlackFideId "4244125"]
[WhiteElo "2374"]
[BlackElo "2340"]
[Result "1-0"]
[Round "08"]
[TimeControl "180+1"]
[Date "2022.05.31"]
[WhiteClock "0:00:08"]
[BlackClock "0:00:10"]

1. e4 e6 2. d4 d5 3. Nc3 Bb4 4. e5 b6 5. a3 Bf8 6. Nf3 Ne7 7. Bb5+ c6 8. Ba4 a5 9. Ne2 Ba6 10. c3 Nd7 11. O-O Qc7 12. Re1 Bb5 13. Bc2 c5 14. Nf4 Ng6 15. Nh5 Ne7 16. Bf4 g6 17. Ng3 Nf5 18. Bxf5 gxf5 19. Qd2 Qc6 20. Bh6 O-O-O 21. Bxf8 Rdxf8 22. Nh5 a4 23. Nf6 Bc4 24. Ng5 h6 25. Nf3 Kb7 26. Rac1 Bb3 27. Qf4 Qc7 28. Qh4 Qd8 29. Nh5 Qxh4 30. Nxh4 Rfg8 31. Nf3 Ka6 32. Nf4 Rg4 33. g3 Rhg8 34. Kh1 Rc8 35. h3 Rgg8 36. Kg2 Rc7 37. Re3 Rgc8 38. Rce1 Nb8 39. g4 fxg4 40. hxg4 Nc6 41. Kg3 cxd4 42. Nxd4 Nxd4 43. cxd4 Bc2 44. Rh1 Rh8 45. g5 hxg5 46. Rxh8 gxf4+ 47. Kxf4 Bg6 48. Rc3 Rd7 49. Ra8+ Kb5 50. Rb8 Ra7 51. Rc5+ Ka6 52. Rc6 Rb7 53. Rxb7 Kxb7 54. Rc3 Ka6 55. Kg5 Kb5 56. Kf6 Bh5 57. f4 Bg6 58. Ke7 Ka5 59. Kd6 Kb5 60. Kc7 Bh5 61. Rc6 Bg6 62. Rxb6+ Kc4 63. Rb4+ Kd3 64. Rxa4 Kc2 65. Rb4 Kd3 66. a4 1-0


[Site "https://www.chess.com"]

[Event "Titled Tuesday Blitz May 31 Late 2022"]
[White "Gomez Ledo, Roberto Carlos"]
[Black "Mikhalsky, Vladimir"]
[WhiteFideId "3507076"]
[BlackFideId "14144352"]
[WhiteElo "2379"]
[BlackElo "2301"]
[Result "0-1"]
[Round "08"]
[TimeControl "180+1"]
[Date "2022.06.01"]
[WhiteClock "0:00:04"]
[BlackClock "0:00:05"]

1. d4 Nf6 2. Bf4 g6 3. Nc3 Bg7 4. e4 O-O 5. e5 Ne8 6. Qe2 d6 7. O-O-O a6 8. h4 h5 9. f3 c5 10. dxc5 Qa5 11. g4 hxg4 12. h5 Qxc5 13. Rd5 Qb4 14. Ne4 dxe5 15. Bd2 Qa4 16. hxg6 Qxa2 17. Nc3 Qa1+ 18. Nb1 Be6 19. Qh2 Nf6 20. Bh6 fxg6 21. Bxg7 Kxg7 22. Qh6+ Kf7 23. Rxe5 Ba2 24. Bd3 Qxb1+ 25. Kd2 Rg8 26. Ne2 Qxb2 27. Nc3 Nc6 28. Re3 Rad8 29. Rhe1 Rg7 30. Ne4 Nxe4+ 31. Rxe4 Rxd3+ 32. Kxd3 Nb4+ 33. Ke3 Nxc2+ 34. Kf4 Qf6+ 35. Kg3 Nxe1 36. Rf4 Nxf3 37. Rxf6+ exf6 38. Qf4 f5 39. Qc7+ Kg8 40. Qc3 Be6 41. Kf4 Bf7 42. Qc8+ Kh7 43. Qxb7 Bg8 44. Kg3 Rxb7 0-1


[Site "https://www.chess.com"]

[Event "Titled Tuesday Blitz May 31 Late 2022"]
[White "Goncalves, Ivan Mesquita V"]
[Black "Hosseinzadeh, Nima"]
[WhiteFideId "2114224"]
[BlackFideId "12505323"]
[WhiteElo "2299"]
[BlackElo "2066"]
[Result "1/2-1/2"]
[Round "08"]
[TimeControl "180+1"]
[Date "2022.05.31"]
[WhiteClock "0:00:08"]
[BlackClock "0:00:09"]

1. d4 Nf6 2. Nf3 e6 3. Bf4 c5 4. e3 cxd4 5. exd4 b6 6. a4 Ba6 7. Bxa6 Nxa6 8. O-O Be7 9. a5 O-O 10. Qe2 Qc8 11. axb6 axb6 12. c3 Qb7 13. Nbd2 b5 14. h3 d6 15. Ra5 Nc7 16. Rfa1 Rxa5 17. Rxa5 Ra8 18. Rxa8+ Qxa8 19. Nb3 Qa2 20. Qc2 Ncd5 21. Bd2 Nb6 22. Bc1 Nc4 23. Nbd2 h6 24. Qb1 Qa6 25. b3 Nxd2 26. Bxd2 Nd5 27. g3 Qc6 28. Qd3 Bf6 29. Kg2 Nb6 30. Be1 Qd5 31. Qd1 e5 32. Kg1 e4 33. Nh2 b4 34. c4 Qxd4 35. Qxd4 Bxd4 36. Bxb4 Nc8 37. Kf1 f5 38. Ke2 Kf7 39. f3 Ke6 40. fxe4 fxe4 41. Ng4 h5 42. Ne3 Ne7 43. Ng2 g5 44. h4 Nf5 45. hxg5 Nxg3+ 46. Ke1 Nf5 47. Nf4+ Kf7 48. Nxh5 Kg6 49. Nf6 Bxf6 50. gxf6 Kxf6 51. Bc3+ Kg5 52. b4 Kf4 53. b5 Ne7 54. Ke2 Nc8 55. Bd4 Ne7 56. Bg1 Ke5 57. Ke3 d5 58. Bh2+ Ke6 59. c5 Nf5+ 60. Kd2 d4 61. b6 Ne7 62. b7 Nc6 63. b8=Q Nxb8 64. Bxb8 Kd5 65. Bd6 e3+ 66. Kd3 Kc6 67. Bf8 Kd5 68. Ke2 Kc6 69. Kd1 Kd5 70. Be7 d3 71. Bf8 e2+ 72. Kd2 Kc6 73. Be7 Kd5 74. Bd6 Kc6 75. Be7 Kd5 76. Ke1 Kc6 77. Kd2 1/2-1/2


[Site "https://www.chess.com"]

[Event "Titled Tuesday Blitz May 31 Late 2022"]
[White "Grischuk, Alexander"]
[Black "Oparin, Grigoriy"]
[WhiteFideId "4126025"]
[BlackFideId "24125890"]
[WhiteElo "2762"]
[BlackElo "2665"]
[Result "1-0"]
[Round "08"]
[TimeControl "180+1"]
[Date "2022.05.31"]
[WhiteClock "0:00:06"]
[BlackClock "0:00:06"]

1. d4 d5 2. Nf3 Nf6 3. Bf4 e6 4. Nbd2 c5 5. e3 Nc6 6. c3 cxd4 7. exd4 Nh5 8. Be3 Bd6 9. g3 O-O 10. Bd3 g6 11. Qe2 Ng7 12. O-O f6 13. c4 Nb4 14. Bb1 dxc4 15. Nxc4 b6 16. Bd2 Nd5 17. Re1 Bb7 18. Be4 Qd7 19. Rac1 Rfe8 20. a3 Bf8 21. Qd1 Rac8 22. Qb3 Nf5 23. Qd3 Bg7 24. h4 Nfe7 25. Qb3 Nc6 26. Rcd1 Nce7 27. Rc1 Nf5 28. Qd3 Ba8 29. Qb3 b5 30. Na5 Nd6 31. Bb1 Nb6 32. Rxc8 Qxc8 33. Rc1 Qd7 34. Bc2 Ndc4 35. Nxc4 Nxc4 36. Be1 Qd5 37. Bd1 g5 38. hxg5 fxg5 39. a4 a6 40. axb5 axb5 41. Kf1 g4 42. Nh4 Bxd4 43. Qd3 Rd8 44. Ke2 Qe5+ 45. Kf1 Be4 46. Qe2 Bxb2 47. Qxg4+ Kh8 48. Bc2 Bf5 49. Bxf5 exf5 50. Qg5 Bxc1 51. Qxd8+ Kg7 52. Qd7+ Kf6 53. Qc6+ Kf7 54. Qd7+ Kf6 55. Qxh7 Ke6 56. Qg6+ Qf6 57. Qe8+ Qe7 58. Qxb5 Nd6 59. Qe2+ Kd7 60. Qxe7+ Kxe7 61. Bb4 f4 62. Ng6+ Ke6 63. Bxd6 Kxd6 64. Nxf4 Bxf4 65. gxf4 Ke6 66. Ke2 Kf5 67. Kf3 Kf6 68. Ke4 Ke6 69. f5+ Kf6 70. Kf4 1-0


[Site "https://www.chess.com"]

[Event "Titled Tuesday Blitz May 31 Late 2022"]
[White "Halkias, Stelios"]
[Black "Martinez Alcantara, Jose Eduardo"]
[WhiteFideId "4201809"]
[BlackFideId "3805662"]
[WhiteElo "2453"]
[BlackElo "2690"]
[Result "1-0"]
[Round "08"]
[TimeControl "180+1"]
[Date "2022.05.31"]
[WhiteClock "0:00:28"]
[BlackClock "0:00:18"]

1. Nf3 c5 2. c4 Nc6 3. Nc3 e5 4. e3 Nf6 5. Be2 Be7 6. O-O d5 7. cxd5 Nxd5 8. Bb5 Nxc3 9. dxc3 Qc7 10. e4 O-O 11. a4 Be6 12. Ng5 Bxg5 13. Bxg5 a6 14. Be2 f6 15. Be3 b6 16. Bg4 Bxg4 17. Qxg4 Rfe8 18. Rfd1 Rad8 19. Qe2 a5 20. Qb5 h6 21. h3 Kh7 22. Rd5 Na7 23. Qd3 Rxd5 24. Qxd5 Rd8 25. Qc4 Nc8 26. Qe6 Qd7 27. Qb3 Qc6 28. Qc2 Nd6 29. Rd1 Nf7 30. Rd5 Kg8 31. c4 Rxd5 32. cxd5 Qd7 33. f4 Nd6 34. fxe5 fxe5 35. Bf2 Qe7 36. Qd3 Qg5 37. Qf3 Qc1+ 38. Kh2 Qc2 39. Bg3 Qxe4 40. Qxe4 Nxe4 41. Bxe5 c4 42. Bd4 Nf6 43. Bxb6 Nxd5 44. Bxa5 Kf7 45. Bd2 Ke6 46. a5 Kd6 47. Kg3 Kc6 48. Kf3 Nf6 49. Kf4 Nd7 50. Kf5 Nc5 51. Bc3 Nd3 52. Kg6 Nf4+ 53. Kxg7 h5 54. Kh6 h4 55. Kg5 Nxg2 56. Kg4 Ne3+ 57. Kxh4 Kd5 58. Kg5 Kd6 59. h4 Ke6 60. h5 Kf7 61. h6 Nd5 62. h7 Nxc3 63. bxc3 Kg7 64. a6 Kh8 65. a7 Kg7 66. a8=Q Kxh7 67. Qd5 Kg7 68. Qxc4 Kf8 69. Qd5 Ke8 70. c4 Kf8 71. c5 Ke8 72. c6 Kf8 73. c7 Ke8 74. c8=Q+ Ke7 75. Qde6# 1-0


[Site "https://www.chess.com"]